 Dungeon Crawl Stone Soup version 0.29-a0-1047-g7c58e119a4 (webtiles) character file.

Game seed: 13695018680140353382

36005 Newt the Basher (level 13, -6/154 HPs)
             Began as a Demonspawn Gladiator on Aug 16, 2022.
             Was a High Priest of Okawaru.
             Mangled by a minotaur
             ... wielding a staff of poison
              (18 damage)
             ... in a Gauntlet.
             The game lasted 00:44:29 (16383 turns).

Newt the Basher (Demonspawn Gladiator)             Turns: 16383, Time: 00:44:30

Health: -6/154     AC: 30    Str: 19    XL:     13   Next: 50%
Magic:  0/19       EV:  2    Int: 17    God:    Okawaru [*****.]
Gold:   305        SH:  0    Dex: 15    Spells: 12/12 levels left

rFire   . . .      SeeInvis .   F - +10 whip "Ylizeal" {flame, Drain rElec Int+7}
rCold   . . .      Faith    .   X - orb {light}
rNeg    . . .      Spirit   +   (body armour currently unavailable)
rPois   +          Reflect  .   (helmet currently unavailable)
rElec   +          Harm     .   (cloak currently unavailable)
rCorr   .          Rampage  .   (gloves currently unavailable)
Will    +....      NoTele   +   (boots currently unavailable)
Stlth   ++........              I - amulet of regeneration
HPRegen 1.15/turn               t - ring of willpower
MPRegen 0.32/turn               k - +4 ring of protection

@: tree-form, heroic, glowing
A: stationary, stasis, torment immunity, boosted hp, (horns 2), (large bone
plates 2), (demonic guardian 1), magic shield, magic regeneration
a: Renounce Religion, Heroism, Finesse, Duel


You were in a Gauntlet.
You worshipped Okawaru.
Okawaru was extremely pleased with you.
You were a tree.
You visited 3 branches of the dungeon, and saw 16 of its levels.
You also visited: Sewer and Gauntlet.

You collected 910 gold pieces.
You spent 605 gold pieces at shops.

Inventory:

Hand Weapons
 F - the +10 whip "Ylizeal" (weapon) {flame, Drain rElec Int+7}
   (You found it on level 4 of the Dungeon)

   It burns those it strikes, dealing additional fire damage.
   Int:       It affects your intelligence (+7).
   rElec:     It insulates you from electricity.
   Drain:     It drains your maximum health when unequipped.
Missiles
 f - 107 stones
 w - a javelin
 K - 14 poisoned darts (quivered)
 T - 3 throwing nets
 W - 7 silver javelins
Armour
 o - a +2 cloak of willpower (melded)
 v - a +1 pair of boots of flying
 y - the +2 cloak of Loss {rF+ rN+ Str+4}
   (Okawaru gifted it to you in a Gauntlet)

   Str:       It affects your strength (+4).
   rF:        It protects you from fire.
   rN:        It protects you from negative energy.
 G - a +3 scale mail of fire resistance (melded)
 J - a +0 pair of boots (melded)
 O - +0 steam dragon scales
 R - a +3 ring mail of cold resistance
 X - an orb of light (worn)
 Z - the +2 pair of gloves of the Unseen Realm (melded) {Str+4 Int+6}
   (Okawaru gifted it to you on level 12 of the Dungeon)

   Str:       It affects your strength (+4).
   Int:       It affects your intelligence (+6).
Jewellery
 c - a +4 ring of protection
 k - a +4 ring of protection (right branch)
 t - a ring of willpower (left branch)
 D - a ring of fire
 I - an amulet of regeneration (around neck)
Wands
 a - a wand of flame (12)
 h - a wand of charming (5)
 u - a wand of iceblast (7)
 x - a wand of digging (8)
 U - a wand of light (3)
Scrolls
 b - 2 scrolls of fear
 e - a scroll of enchant weapon
 g - 4 scrolls of amnesia
 i - a scroll of blinking
 l - a scroll of magic mapping
 n - 2 scrolls of teleportation
 p - 2 scrolls of brand weapon
 r - a scroll of silence {unknown}
 E - a scroll of summoning {unknown}
 L - 6 scrolls of butterflies
 N - a scroll of acquirement {unknown}
 P - a scroll of enchant armour {unknown}
 Q - a scroll of torment {unknown}
Potions
 d - 2 potions of heal wounds {unknown}
 j - 5 potions of curing
 m - 8 potions of flight
 q - 2 potions of invisibility
 A - a potion of might
 B - 2 potions of brilliance
 H - 2 potions of magic
 M - 4 potions of resistance


   Skills:
 - Level 10.0(15.0) Fighting
 - Level 4.0(9.0) Short Blades
 - Level 12.0(17.0) Maces & Flails
 - Level 6.0(11.0) Throwing
 - Level 8.0(13.0) Armour
 - Level 8.0(13.0) Dodging
 - Level 2.0(7.0) Stealth
 - Level 8.0 Invocations
 + Level 8.1 Evocations


You had 12 spell levels left.
You didn't know any spells.
Your spell library contained the following spells:

 Spells                   Type           Power      Damage    Failure   Level
 Poisonous Vapours        Pois/Air       0%         N/A       34%         2
 Frozen Ramparts          Ice            0%         1d1       56%         3
 Ignite Poison            Fire/Tmut/Pois 0%         N/A       56%         3
 Mephitic Cloud           Conj/Pois/Air  0%         N/A       56%         3
 Ozocubu's Armour         Ice            0%         N/A       56%         3
 Corpse Rot               Necr/Pois/Air  0%         N/A       93%         4
 Ice Form                 Ice/Tmut       0%         N/A       93%         4
 Freezing Cloud           Conj/Ice/Air   0%         6-21      100%        5
 Iskenderun's Battlesphe  Conj           0%         2d6       100%        5
 Metabolic Englaciation   Hex/Ice        0%         N/A       100%        5
 Iron Shot                Conj/Erth      0%         9d1       100%        6
 Summon Ice Beast         Ice/Summ       Unusable   N/A       N/A         4
 Simulacrum               Ice/Necr       Unusable   N/A       N/A         6
 Spellforged Servitor     Conj/Summ      Unusable   N/A       N/A         7

Dungeon Overview and Level Annotations

Branches:
Dungeon (14/15)            Temple (1/1) D:5            Lair (1/5) D:8
    Orc (0/2) D:11         Vaults (0/5) D:13          Sewer (visited)
Gauntlet (1/1)

Altars:
Ashenzari
Cheibriados
Dithmenos
Fedhas
Gozag
Hepliaklqana
Kikubaaqudgha
Nemelex Xobeh
Okawaru
Qazlal
Ru
Sif Muna
Trog
Uskayaw
Vehumet
Wu Jian
Xom
Yredelemnul

Shops:
D:2 [   D:6 *   D:12 [   D:13 (([(*

Portals:
Trove: D:12 (give +4 ice dragon scales)

Annotations:
D:7 1 runed translucent door Gauntlet 6 transporters, exclusion: ice statue


Innate Abilities, Weirdness & Mutations

You are a tree.
Your roots penetrate the ground, keeping you stationary.
You cannot be teleported.
You are immune to unholy pain and torment.
Your maximum health is greatly increased.
Your equipment is partially melded.
((You have a pair of horns on your head.))
((You are mostly covered in large bone plates. (SH +6)))
((A weak demonic guardian rushes to your aid.))
When hurt, damage is shared between your health and your magic reserves.
You regenerate magic rapidly.


Message History

You feel sick.
The minotaur hits you with a staff of poison.
* * * LOW HITPOINT WARNING * * *
The minotaur envenoms you.
* * * LOW HITPOINT WARNING * * *
The minotaur gores you but does no damage.
You don't have enough magic at the moment.
You cannot move.
You hit the minotaur but do no damage.
The minotaur is heavily wounded.
Unknown command.
Okay, then.
Aiming: Bolt of Light
Press: ? - help, Q - select action, (/) - cycle Shift-Dir - straight line, f/p - minotaur
Aim: a minotaur, wielding a staff of poison, wearing a +0 plate armour and quivering silver javelins (heavily wounded, haloed, 91% to hit)
The bolt of light hits the minotaur but does no damage.
The minotaur is heavily wounded.
The minotaur is blinded.
You feel sick.
You are no longer poisoned.
The minotaur hits you but does no damage.
The minotaur envenoms you.
* * * LOW HITPOINT WARNING * * *
The minotaur gores you!
* * * LOW HITPOINT WARNING * * *
Unknown command.
You cannot move.
You strike the helpless minotaur from behind!
You hit the minotaur. You burn the minotaur.
The minotaur is heavily wounded.
The minotaur hits you with a staff of poison!
* * * LOW HITPOINT WARNING * * *
The minotaur completely misses you.
Unknown command.
You hit the minotaur but do no damage.
The minotaur is heavily wounded.
You hit the minotaur but do no damage.
The minotaur is heavily wounded.
The minotaur hits you with a staff of poison!!
You die...

### #.©#..≈ ..# .#?#..##
..## #.# .#b#..≈##...
#.# #bb#..###..##.##.#
.bh#..#....##....# # #
####..#©...##.##.#.#.≈≈#
......#.......##♣H...∩≈#
....∩.#....##.##.#.#.≈≈#
####..#©...##....# # #
#..#..#....##.##.#
#).#..###.....##.#
'###..§##..##.##.#
'.§#..###..##....#
'###..≈##..#######
...#..######


You could see a minotaur (blind).

Vanquished Creatures
  Jorgrun (D:14)
  Rupert (D:12)
  Josephine (D:13)
  Harold (D:10)
  3 centaur warriors (D:13)
  3 hydras
  A vault guard (D:12)
  A jorogumo (shapeshifter) (D:9)
  A boulder beetle (D:10)
  2 two-headed ogres
  2 dancing weapons (D:13)
  3 tengu warriors
  3 skeletal warriors (D:13)
  The ghost of greenreed the Thaumaturge, a novice DENe of Sif Muna (D:10)
  Pikel (D:4)
  2 cyclopes
  A deep elf pyromancer (D:12)
  2 manticores
  An ugly thing (D:14)
  A black mamba (Lair:1)
  2 gargoyles
  A black mamba (shapeshifter) (Gauntlet)
  A cane toad (Lair:1)
  Maggie (D:7)
  An unseen horror (D:12)
  An efreet (D:9)
  3 komodo dragons
  3 kobold demonologists
  6 trolls
  2 hornets
  6 slime creatures (D:12)
  Sigmund (D:3)
  A vampire (D:13)
  5 wyverns
  5 shadows
  9 yaks
  7 wraiths
  2 large abominations (Gauntlet)
  The ghost of purpskrrrp the Sneak, an amateur NaEn (D:4)
  Grum (D:8)
  3 steam dragons
  4 vampire mosquitoes (D:12)
  A swamp worm (shapeshifter) (Gauntlet)
  2 acid dragons
  2 water moccasins
  An ice beast (D:5)
  3 orc warriors
  2 black bears
  3 ogres
  5 boggarts
  3 wolves (D:8)
  4 centaurs
  A phantom (D:4)
  2 kobold brigands (D:11)
  11 bullfrogs
  5 scorpions
  5 wights
  5 small abominations (Gauntlet)
  10 howler monkeys
  4 hounds
  4 jellies
  4 iguanas
  5 orc priests
  Ijyb (D:3)
  9 orc wizards
  Natasha (thrice) (D:4)
  Robin (D:3)
  3 gnolls (D:4)
  A river rat (D:4)
  6 adders
  2 shadow imps
  3 white imps
  2 ufetubi (D:7)
  2 worms
  2 dart slugs
  35 orcs
  12 ball pythons
  8 endoplasms
  5 giant cockroaches
  15 goblins
  3 hobgoblins
  15 jackals
  12 quokkas
  4 bats
  14 frilled lizards
  10 kobolds
  6 rats
354 creatures vanquished.

Vanquished Creatures (others)
  2 fungi (Gauntlet)
  19 plants
21 creatures vanquished.

Grand Total: 375 creatures vanquished

Notes
Turn   | Place    | Note
-------+----------+-------------------------------------------
     0 | D:1      | Newt the Demonspawn Gladiator began the quest for the Orb.
     0 | D:1      | Reached XP level 1. HP: 16/16 MP: 1/1
   164 | D:1      | Reached skill level 1 in Stealth
   265 | D:1      | Gained mutation: You regenerate magic rapidly. [demonic
                  | ancestry]
   265 | D:1      | Reached XP level 2. HP: 19/22 MP: 2/2
   449 | D:1      | Found a faded altar of an unknown god.
  1551 | D:2      | Found Sonur's Armour Emporium.
  1561 | D:2      | Gained mutation: You are partially covered in large bone
                  | plates. (SH +4) [demonic ancestry]
  1561 | D:2      | Reached XP level 3. HP: 27/27 MP: 3/3
  2674 | D:3      | Noticed Robin
  2676 | D:3      | Gained mutation: You have a pair of small horns on your
                  | head. [demonic ancestry]
  2676 | D:3      | Reached XP level 4. HP: 33/33 MP: 4/4
  2694 | D:3      | Killed Robin
  2959 | D:3      | Noticed Ijyb
  2969 | D:3      | Killed Ijyb
  3178 | D:3      | Noticed Sigmund
  3185 | D:3      | Killed Sigmund
  3186 | D:3      | Gained mutation: You have a pair of horns on your head.
                  | [demonic ancestry]
  3186 | D:3      | Reached XP level 5. HP: 40/42 MP: 5/5
  3186 | D:3      | Reached XP level 6. HP: 46/48 MP: 6/6
  3619 | D:4      | Found a glowing drain.
  3646 | Sewer    | Entered a sewer
  4494 | D:4      | Noticed Pikel
  4506 | D:4      | Noticed Natasha
  4757 | D:4      | Identified the +10 whip "Ylizeal" {flame, Drain rElec
                  | Int+7}
  4923 | D:4      | Reached skill level 1 in Maces & Flails
  4923 | D:4      | Gained mutation: You are mostly covered in large bone
                  | plates. (SH +6) [demonic ancestry]
  4923 | D:4      | Reached XP level 7. HP: 54/54 MP: 7/7
  5141 | D:4      | Killed Pikel
  5142 | D:4      | Reached skill level 5 in Maces & Flails
  5142 | D:4      | Gained mutation: A weak demonic guardian rushes to your
                  | aid. [demonic ancestry]
  5142 | D:4      | Reached XP level 8. HP: 19/60 MP: 8/8
  5390 | D:4      | Killed Natasha
  5597 | D:4      | Found a runed translucent door.
  5600 | D:4      | Noticed purpskrrrp's ghost (amateur NaEn)
  5601 | D:4      | Noticed a hornet
  5778 | D:4      | Noticed Natasha
  5782 | D:4      | Killed Natasha
  5831 | D:4      | Killed purpskrrrp's ghost
  5832 | D:4      | Reached skill level 6 in Maces & Flails
  5838 | D:4      | Killed a hornet
  6090 | D:5      | Entered Level 5 of the Dungeon
  6289 | D:5      | Found a staircase to the Ecumenical Temple.
  6311 | Temple   | Entered the Ecumenical Temple
  6502 | Temple   | Became a worshipper of Warmaster Okawaru
  6965 | D:4      | Noticed Natasha
  6969 | D:4      | Killed Natasha
  7058 | D:5      | Reached skill level 5 in Throwing
  7195 | D:5      | Reached XP level 9. HP: 65/65 MP: 9/9
  7652 | D:6      | Found Iliklir's Mass Market.
  7692 | D:6      | Reached * piety under Okawaru
  7767 | D:6      | Reached skill level 5 in Fighting
  8280 | D:7      | Noticed Maggie
  8298 | D:7      | Killed Maggie
  8299 | D:7      | Reached skill level 7 in Maces & Flails
  8317 | D:7      | Found a runed translucent door.
  8317 | D:7      | Noticed a sixfirhy
  8646 | D:7      | Reached skill level 8 in Maces & Flails
  8666 | D:7      | Reached ** piety under Okawaru
  8709 | D:7      | Reached skill level 5 in Armour
  8709 | D:7      | Reached XP level 10. HP: 76/76 MP: 10/10
  8900 | D:7      | Noticed a manticore
  8946 | D:7      | Killed a manticore
  9413 | D:8      | Found a large runed translucent door.
  9413 | D:8      | Found a large runed translucent door.
  9518 | D:8      | Noticed a two-headed ogre
  9527 | D:8      | Killed a two-headed ogre
  9601 | D:8      | Noticed Grum
  9628 | D:8      | Killed Grum
  9628 | D:8      | Reached *** piety under Okawaru
 10075 | D:8      | Found a staircase to the Lair.
 10097 | D:8      | Reached skill level 9 in Maces & Flails
 10766 | D:8      | Found a radiant altar of Vehumet.
 10769 | D:8      | Found a bloodstained altar of Trog.
 10929 | D:9      | Noticed a five-headed hydra
 11027 | D:9      | Noticed an eight-headed hydra
 11173 | D:10     | Entered Level 10 of the Dungeon
 11189 | D:10     | Reached **** piety under Okawaru
 11190 | D:10     | Reached skill level 10 in Maces & Flails
 11358 | D:10     | Found a runed translucent gate.
 11358 | D:10     | Found a runed translucent gate.
 11358 | D:10     | Found an opulent altar of Gozag.
 11359 | D:10     | Found a runed translucent gate.
 11360 | D:10     | Noticed greenreed's ghost (novice DENe)
 11361 | D:10     | Noticed a boulder beetle
 11361 | D:10     | Noticed an eight-headed hydra
 11454 | D:10     | Reached XP level 11. HP: 73/81 MP: 11/11
 11606 | D:10     | Noticed Harold
 11690 | D:11     | Found a staircase to the Orcish Mines.
 11860 | D:11     | Noticed a sixfirhy
 11880 | D:11     | Received a gift from Okawaru
 11939 | D:11     | Noticed a two-headed ogre
 11967 | D:11     | Noticed a six-headed hydra
 12018 | D:10     | Killed Harold
 12019 | D:10     | Reached skill level 11 in Maces & Flails
 12088 | D:11     | Killed a two-headed ogre
 12193 | D:10     | Reached ***** piety under Okawaru
 12571 | D:11     | Received a gift from Okawaru
 12572 | D:11     | Reached skill level 12 in Maces & Flails
 12572 | D:11     | Reached skill level 1 in Evocations
 12731 | D:11     | Killed a six-headed hydra
 12895 | D:12     | Found Sogeimoj's Armour Boutique.
 12899 | D:12     | Bought an orb of light for 240 gold pieces
 13024 | D:12     | Noticed Rupert
 13040 | D:12     | Killed Rupert
 13040 | D:12     | Received a gift from Okawaru
 13041 | D:12     | Reached skill level 5 in Evocations
 13199 | D:12     | Noticed a deep elf pyromancer
 13206 | D:12     | Killed a deep elf pyromancer
 13206 | D:12     | Identified the +2 pair of gloves of the Unseen Realm {Str+4
                  | Int+6} (Okawaru gifted it to you on level 12 of the
                  | Dungeon)
 13206 | D:12     | Received a gift from Okawaru
 13219 | D:12     | Noticed a vault guard
 13233 | D:12     | Killed a vault guard
 13247 | D:12     | Found a portal to a secret trove of treasure.
 13345 | D:12     | Gained mutation: When hurt, damage is shared between your
                  | health and your magic reserves. [demonic ancestry]
 13345 | D:12     | Reached XP level 12. HP: 88/88 MP: 12/12
 13791 | D:12     | Reached skill level 5 in Invocations
 13859 | D:12     | Noticed an eight-headed hydra
 13861 | D:12     | Noticed a seven-headed hydra
 13900 | D:13     | Noticed a boulder beetle
 13917 | D:13     | Found Girphogo's Armour Shop.
 13999 | D:13     | Bought a +2 cloak of willpower for 365 gold pieces
 14021 | D:13     | Found a gate to the Vaults.
 14063 | D:13     | Noticed a centaur warrior
 14082 | D:13     | Killed a centaur warrior
 14122 | D:13     | Noticed a centaur warrior
 14144 | D:13     | Killed a centaur warrior
 14194 | D:13     | Found Bunk's Weapon Emporium.
 14357 | D:13     | Received a gift from Okawaru
 14404 | D:13     | Found Ymekya's Antique Weapon Boutique.
 14420 | D:13     | Found Diqaviyni's Antique Weapon Emporium.
 14453 | D:13     | Noticed Josephine
 14455 | D:13     | Noticed a centaur warrior
 14457 | D:13     | Found Wyum's Overcharged Wands.
 14546 | D:13     | Killed a centaur warrior
 14710 | D:13     | Noticed a tengu warrior
 14733 | D:13     | Killed a tengu warrior
 14745 | D:13     | Killed Josephine
 14793 | D:14     | Noticed a tengu warrior
 14795 | D:14     | Noticed a tengu warrior
 14813 | D:13     | Killed a tengu warrior
 14864 | D:14     | Killed a tengu warrior
 14865 | D:14     | Reached XP level 13. HP: 93/93 MP: 19/19
 14931 | D:14     | Noticed Jorgrun
 14963 | D:14     | Killed Jorgrun
 15238 | D:9      | Received a gift from Okawaru
 15286 | D:10     | Killed greenreed's ghost
 15790 | D:9      | Paralysed by a jorogumo for 1 turns
 16042 | Lair:1   | Entered Level 1 of the Lair of Beasts
 16122 | Lair:1   | Found a gate leading to a gauntlet.
 16136 | Gauntlet | Entered a Gauntlet
 16136 | Gauntlet | Found a transporter.
 16136 | Gauntlet | Found a transporter.
 16137 | Gauntlet | Found a transporter.
 16147 | Gauntlet | Found a transporter.
 16150 | Gauntlet | Found a transporter.
 16154 | Gauntlet | Found a runed translucent door.
 16156 | Gauntlet | Found a runed translucent door.
 16158 | Gauntlet | Found a transporter.
 16161 | Gauntlet | Found a transporter.
 16167 | Gauntlet | Found a runed translucent gate.
 16167 | Gauntlet | Found a runed translucent gate.
 16167 | Gauntlet | Found a runed translucent gate.
 16169 | Gauntlet | Found a transporter.
 16187 | Gauntlet | Found a transporter.
 16191 | Gauntlet | Found a transporter.
 16194 | Gauntlet | Found a transporter.
 16207 | Gauntlet | Found a transporter.
 16257 | Gauntlet | Identified the +2 cloak of Loss {rF+ rN+ Str+4} (Okawaru
                  | gifted it to you in a Gauntlet)
 16257 | Gauntlet | Received a gift from Okawaru
 16324 | Gauntlet | Reached skill level 10 in Fighting
 16363 | Gauntlet | Noticed a minotaur
 16383 | Gauntlet | Mangled by a minotaur

Illustrated notes

Levels and vault maps discovered:
D:1:      evilmike_arrival_plus, layout_basic, shapermc_ecumenical_altar_venn,
          nrook_uturn
D:2:      layout_basic, basic_altar, serial_shops, shop
D:3:      minmay_diamond_boxcup, layout_loops_ring, uniq_sigmund, uniq_ijyb,
          uniq_robin
D:4:      layout_cave_pods, cheibrodos_sewer_entry_sluice,
          ebering_ghost_inner_flame, uniq_natasha, uniq_pikel
D:5:      layout_basic, minmay_temple_entry_junction
D:6:      layout_gridville, grunt_ministairs_8, minivault_25, minmay_shop_mass
D:7:      cheibrodos_shockbox, layout_rooms, nzn_random_ring, uniq_maggie
D:8:      minmay_skewed_foursquare, layout_basic, jmf_multi_god_temple2,
          david_lair_shrubbed, serial_co_window_serial, co_window_paths_a,
          co_window_corner_a, co_window_corner_a, co_window_corner_a,
          co_window_paths_a, co_window_of_opportunity_b,
          co_window_unsneaky_path_b, co_window_corner_b,
          co_window_unsneaky_path_a, co_window_corner_b, glass_columns_a,
          glass_columns_b, glass_columns_b, uniq_grum
D:9:      minmay_curly_fans, layout_loops_cross, bloody_makhleb
D:10:     layout_basic, ebering_ghost_gozag, uniq_harold
D:11:     layout_basic, david_orc_2
D:12:     layout_roguey, serial_shops, nicolae_shop_hallway_stairs,
          enter_trove_5, uniq_rupert
D:13:     layout_big_octagon, erik_vaults_1, serial_shops, shop, shop,
          nicolae_shop_stone, shop, nicolae_shop_overcharged_wands,
          uniq_josephine
D:14:     gammafunk_corrupted_shrine, layout_stronghold, serial_park_avenue1,
          serial_shops, shop, uniq_jorgrun
Temple:   compressed_dpeg_triangle_lava_temple
Lair:1:   layout_misc_corridors, gauntlet_entry_generic
Gauntlet: minmay_gauntlet_mixed_big_or_small [gammafunk_gauntlet_arena_split_x,
          minmay_gauntlet_arena_77_squiggly, gammafunk_gauntlet_arena_hedges,
          minmay_gauntlet_arena_77_cramped, nicolae_gauntlet_arena_quarters,
          minmay_gauntlet_arena_77_run_for_it, gauntlet_exit_watery]

Skill      XL: |  1  2  3  4  5  6  7  8  9 10 11 12 13 |
---------------+----------------------------------------+-----
Stealth        | 1 2 |  2.0
Short Blades   | 3 4 |  4.0
Fighting       | 4 6 10 | 10.0
Armour         | 2 4 5 6 8 |  8.0
Throwing       | 2 5 6 |  6.0
Maces & Flails | 1 5 6 8 10 12 | 12.0
Dodging        | 4 6 8 |  8.0
Evocations     | 7 8 |  8.1
Invocations    | 8 |  8.0

Action                   |  1- 3 |  4- 6 |  7- 9 | 10-12 | 13-15 || total
-------------------------+-------+-------+-------+-------+-------++-------
Melee: Rapier            |    19 |       |       |       |       ||    19
       Dagger            |   125 |   126 |       |       |       ||   251
       Headbutt          |       |    20 |    42 |   158 |    57 ||   277
       Punch             |       |     2 |     1 |     5 |       ||     8
       Whip              |       |     5 |   236 |   615 |   187 ||  1043
 Fire: Sling             |       |    76 |       |       |       ||    76
Throw: Throwing net      |       |     3 |     1 |     1 |       ||     5
       Stone             |       |       |     2 |     4 |       ||     6
       Dart              |       |       |     2 |    22 |     7 ||    31
       Javelin           |       |       |     2 |     1 |       ||     3
Invok: Heroism           |       |       |       |     1 |     3 ||     4
Evoke: Wand              |       |       |       |       |     1 ||     1
  Use: Scroll            |     6 |     5 |     7 |     7 |     1 ||    26
       Potion            |       |       |     2 |     5 |     3 ||    10
 Stab: Sleeping          |     7 |       |       |       |       ||     7
       Held in net/web   |       |       |     1 |       |       ||     1
       Invisible         |       |       |       |       |     1 ||     1
Armor: Leather armour    |    46 |     1 |       |       |       ||    47
       Chain mail        |       |    70 |    86 |    70 |       ||   226
       Skin              |       |       |       |    27 |     3 ||    30
       Scale mail        |       |       |       |   105 |    39 ||   144
Dodge: Dodged            |    76 |    57 |    58 |   164 |    45 ||   400
Block: Other             |    14 |    26 |    49 |    50 |       ||   139
       Orb               |       |       |       |    63 |    15 ||    78

Table legend: (Time is in decaauts)
 A = Elapsed time spent in this place.
 B = Non-inter-level travel time spent in this place.
 C = Inter-level travel time spent in this place.
 D = Time resting spent in this place.
 E = Time spent auto-exploring this place.
 F = Levels seen in this place.
 G = Mean time per level.
                   A        B        C        D        E       F      G
               +--------+--------+--------+--------+--------+-----+--------+
         Total |  16030 |  15091 |    939 |   2955 |   8120 |  18 |  890.6 |
       Dungeon |  14592 |  13665 |    927 |   2630 |   7608 |  14 | 1042.3 |
        Temple |    201 |    189 |     12 |      0 |    165 |   1 |  201.0 |
          Lair |     83 |     83 |      0 |      0 |      0 |   1 |   83.0 |
         Sewer |    942 |    942 |      0 |    325 |    346 |   1 |  942.0 |
      Gauntlet |    210 |    210 |      0 |      0 |      0 |   1 |  210.0 |
               +--------+--------+--------+--------+--------+-----+--------+

Top non-repeatable levels by time:
     D:4: 1856 daAuts
     D:8: 1696 daAuts
     D:2: 1291 daAuts
     D:1: 1252 daAuts
    D:11: 1133 daAuts
    D:10: 1095 daAuts
     D:3: 1070 daAuts
    D:12: 970 daAuts
     D:5: 960 daAuts
   Sewer: 942 daAuts
     D:7: 875 daAuts
    D:13: 852 daAuts
     D:6: 844 daAuts
     D:9: 481 daAuts
    D:14: 210 daAuts
